 Dungeon Crawl Stone Soup version 0.27-a0-1442-g87b6fcb595 (webtiles) character file.

Game seed: 3976297897208249342

1066 barkas the Sneak (level 8, -5/72 HPs)
             Began as a Naga Conjurer on July 4, 2021.
             Slain by Duvessa (8 damage)
             ... on level 5 of the Dungeon.
             The game lasted 00:07:14 (4912 turns).

barkas the Sneak (Naga Conjurer)                    Turns: 4912, Time: 00:07:15

Health: -5/72      AC:  5    Str: 10    XL:     8   Next: 28%
Magic:  18/21      EV:  9    Int: 20    God:
Gold:   51         SH:  0    Dex: 10    Spells: 4/13 levels left

rFire    . . .     SeeInvis +   j - +3 dagger (venom)
rCold    . . .     Faith    .   (no shield)
rNeg     . . .     Spirit   .   a - +0 robe
rPois    +         Reflect  .   (no helmet)
rElec    .         Harm     .   (no cloak)
rCorr    .         Rampage  .   o - +1 pair of gloves
Will     +....                  (no barding)
Stlth    +++.......             (no amulet)
HPRegen  0.22/turn              n - ring of magical power
MPRegen  0.17/turn              (no ring)

@: very slow
A: AC +2, large, see invisible, deformed body, poison resistance, slowness 2,
spit poison 1, naga tail 1
a: Spit Poison


You were on level 5 of the Dungeon.
You visited 1 branch of the dungeon, and saw 5 of its levels.

You collected 173 gold pieces.
You spent 122 gold pieces at shops.

Inventory:

Hand Weapons
 d - a +1 whip of freezing
 j - a +3 dagger of venom (weapon)
Missiles
 e - 197 stones
Armour
 a - a +0 robe (worn)
 o - a +1 pair of gloves (worn)
Jewellery
 n - a ring of magical power (left hand)
Scrolls
 b - a scroll of teleportation
 g - 6 scrolls of identify
 h - a scroll of enchant weapon
Potions
 c - 2 potions of heal wounds {unknown}
 f - 4 potions of magic
 k - a potion of attraction {unknown}
 p - a potion of brilliance {unknown}
 q - 3 potions of berserk rage {unknown}
 r - a potion of degeneration {unknown}
 s - a potion of flight {unknown}
 t - a potion of might {unknown}


   Skills:
 + Level 4.0 Fighting
 - Level 1.5 Dodging
 + Level 7.2 Stealth
 - Level 3.0 Spellcasting
 * Level 7.2 Conjurations
 - Level 3.0 Hexes


You had 4 spell levels left.
You knew the following spells:

 Your Spells              Type           Power      Damage    Failure   Level
b - Searing Ray           Conj           62%        3d5       1%          2
c - Dazzling Flash        Conj/Hex       46%        N/A       5%          3
d - Fulminant Prism       Conj/Hex       11%        3d9       17%         4

Your spell library contained the following spells:

 Spells                   Type           Power      Damage    Failure   Level
 Magic Dart               Conj           100%       1d8       1%          1
 Beastly Appendage        Tmut           6%         N/A       14%         1
 Wereblood                Tmut           3%         N/A       22%         2
 Portal Projectile        Hex/Tloc       18%        N/A       22%         3
 Iskenderun's Mystic Bla  Conj/Tloc      17%        2d5       32%         4
 Call Canine Familiar     Summ           3%         N/A       38%         3
 Spider Form              Tmut/Pois      1%         N/A       38%         3
 Leda's Liquefaction      Hex/Erth       4%         N/A       58%         4


Dungeon Overview and Level Annotations

Branches:
Dungeon (5/15)
 Temple: D:4-7

Altars:
Makhleb
The Shining One

Shops:
D:2 *

Annotations:
D:5 Dowan, Duvessa


Innate Abilities, Weirdness & Mutations

Your serpentine skin is tough. (AC +2)
You have supernaturally acute eyesight. (SInv)
Armour fits poorly on your strangely shaped body.
Your system is resistant to poisons. (rPois)
You cover ground very slowly.
You can spit poison.
You have a snake-like lower body.


Message History

Duvessa hits you with a +0 rapier. Dowan hits you but does no damage.
You hit Duvessa but do no damage.
Duvessa is severely wounded.
Duvessa completely misses you. Dowan hits you with a +0 dagger.
You hit Duvessa but do no damage.
Duvessa is severely wounded.
Duvessa hits you but does no damage.
Dowan smirks and points a slender finger.
Dowan hits you with a +0 dagger.
You hit Duvessa but do no damage.
Duvessa is severely wounded.
Duvessa hits you with a +0 rapier. Dowan hits you with a +0 dagger.
You hit Duvessa but do no damage.
Duvessa is severely wounded.
Duvessa gestures with her weapon.
Duvessa hits you with a +0 rapier. Dowan closely misses you.
You hit Duvessa.
Duvessa is almost dead.
Duvessa hits you with a +0 rapier! Dowan hits you with a +0 dagger.
You hit Duvessa but do no damage.
Duvessa is almost dead.
Duvessa hits you with a +0 rapier!
* * * LOW HITPOINT WARNING * * *
Dowan laughs at you. "Don't get delusional, you can't win!"
Dowan casts a spell.
Dowan blinks!
Casting: Searing Ray (safe; 1% risk of failure)
Confirm with . or Enter, or press ? or * to list all spells.
Aiming: Searing Ray (safe; 1% risk of failure)
Press: ? - help, Shift-Dir - straight line, f/p - Duvessa
Aim: Duvessa, wielding a +0 rapier and wearing a +3 chain mail (almost dead, unusually resistant, ally target, 87% to hit)
The searing ray hits Duvessa but does no damage.
Duvessa is almost dead. (Press . to maintain the ray.) Duvessa hits you with a +0 rapier!
* * * LOW HITPOINT WARNING * * *
The searing ray hits Duvessa.
Duvessa is almost dead.
Duvessa hits you with a +0 rapier!
You die...

##### #...
########.#
#........#
#.#####..#
# #e.#.#
#Z...#
#@#..#
#e#.e#
#.#..#
#.#?.#
#.....
###..#.
.(..


You could see Duvessa (resistant, ally target), Dowan and a friendly water
moccasin zombie (summoned).

Vanquished Creatures
  Pikel (D:4)
  An orc warrior (D:4)
  An ogre (D:4)
  A necrophage (D:3)
  Blork the orc (D:4)
  A hound (D:4)
  An orc priest (D:4)
  Jessica (D:2)
  A hound skeleton (D:4)
  A gnoll (D:1)
  11 adders
  An ufetubus (D:4)
  2 worms
  6 orcs
  5 ball pythons
  8 bats
  3 endoplasms
  2 giant cockroaches
  15 hobgoblins
  2 jackals (D:1)
  9 kobolds
  2 quokkas
  6 frilled lizards
  8 goblins
  6 rats
96 creatures vanquished.

Vanquished Creatures (others)
  A fulminant prism (D:4)
  A plant (D:3)
2 creatures vanquished.

Grand Total: 98 creatures vanquished

Notes
Turn   | Place    | Note
-------+----------+-------------------------------------------
     0 | D:1      | barkas the Naga Conjurer began the quest for the Orb.
     0 | D:1      | Reached XP level 1. HP: 15/15 MP: 3/3
   257 | D:1      | Reached XP level 2. HP: 24/24 MP: 3/5
   390 | D:1      | Found a faded altar of an unknown god.
   405 | D:1      | Reached XP level 3. HP: 30/30 MP: 0/6
   471 | D:1      | Reached skill level 1 in Fighting
  1087 | D:2      | Found Taxzisug's Assorted Antiques.
  1109 | D:2      | Reached XP level 4. HP: 22/38 MP: 2/7
  1456 | D:2      | Learned a level 2 spell: Searing Ray
  1460 | D:2      | Learned a level 3 spell: Dazzling Flash
  1523 | D:2      | Noticed Jessica
  1537 | D:2      | Killed Jessica
  1538 | D:2      | Reached skill level 5 in Conjurations
  1538 | D:2      | Reached XP level 5. HP: 14/45 MP: 0/9
  2881 | D:3      | Found a glowing golden altar of the Shining One.
  3417 | D:2      | Bought a scroll labelled WIOGIS RYCYJUDD for 25 gold pieces
  3417 | D:2      | Bought a scroll labelled UMMIAF XAFAPP for 25 gold pieces
  3417 | D:2      | Bought a scroll labelled WIOGIS RYCYJUDD for 25 gold pieces
  3417 | D:2      | Bought a scroll labelled WIOGIS RYCYJUDD for 25 gold pieces
  3417 | D:2      | Bought a lumpy green potion for 22 gold pieces
  3455 | D:4      | Noticed a lemure
  3456 | D:4      | Reached skill level 1 in Hexes
  3459 | D:4      | Noticed Blork the orc
  3728 | D:4      | Reached XP level 6. HP: 48/52 MP: 5/10
  3732 | D:4      | Killed Blork the orc
  3733 | D:4      | Reached skill level 5 in Stealth
  3865 | D:4      | Noticed a necrophage
  3876 | D:3      | Killed a necrophage
  4014 | D:4      | Noticed Pikel
  4024 | D:4      | Killed Pikel
  4025 | D:4      | Reached XP level 7. HP: 25/62 MP: 10/11
  4025 | D:4      | Reached XP level 8. HP: 28/69 MP: 10/12
  4332 | D:4      | Learned a level 4 spell: Fulminant Prism
  4715 | D:4      | Identified the +1 chain mail "Usojuz" {rPois rC- rCorr}
  4766 | D:4      | Found a burning altar of Makhleb.
  4878 | D:5      | Entered Level 5 of the Dungeon
  4887 | D:5      | Noticed Duvessa
  4899 | D:5      | Noticed Dowan
  4911 | D:5      | HP: 3/72 [Duvessa (11)]
  4912 | D:5      | Slain by Duvessa

Illustrated notes

Levels and vault maps discovered:
D:1:      elethiomel_arrival_quiet, layout_rooms, basic_ecumenical_altar
D:2:      layout_basic, serial_shops, nicolae_shop_crystal,
          chequers_serial_rivers_small_3, grunt_ministairs_13,
          hangedman_decor_lopped, guppyfry_early_orc_mine, uniq_jessica
D:3:      layout_loops_ring, tso_altar, guppyfry_early_lair_pool
D:4:      layout_loops_ring, makhleb_blood_cavern_becter, uniq_pikel,
          uniq_blork_the_orc
D:5:      layout_loops_ring, temple_hall, portal_sewer_entry_e,
          grunt_decor_one_mirror, uniq_duvessa

Skill      XL: |  1  2  3  4  5  6  7  8 |
---------------+-------------------------+-----
Fighting       | 1 2 3 4 |  4.0
Stealth        | 4 6 7 |  7.2
Conjurations   | 5 6 7 |  7.2
Hexes          | 1 3 |  3.0
Spellcasting   | 3 |  3.0
Dodging        | |  1.5

Action                   |  1- 3 |  4- 6 |  7- 9 || total
-------------------------+-------+-------+-------++-------
Melee: Unarmed           |     4 |       |       ||     4
       Whip              |    15 |       |       ||    15
       Dagger            |       |    37 |    11 ||    48
 Cast: Magic Dart        |    43 |    37 |       ||    80
       Searing Ray       |       |    14 |     6 ||    20
       Fulminant Prism   |       |       |     1 ||     1
 Abil: Spit Poison       |    21 |    38 |     6 ||    65
  Use: Scroll            |       |     1 |     6 ||     7
 Stab: Sleeping          |       |     1 |       ||     1
Armor: Robe              |     8 |    12 |     6 ||    26
Dodge: Dodged            |    28 |    34 |     3 ||    65

Table legend: (Time is in decaauts)
 A = Elapsed time spent in this place.
 B = Non-inter-level travel time spent in this place.
 C = Inter-level travel time spent in this place.
 D = Time resting spent in this place.
 E = Time spent auto-exploring this place.
 F = Levels seen in this place.
 G = Mean time per level.
                   A        B        C        D        E       F      G
               +--------+--------+--------+--------+--------+-----+--------+
         Total |   5922 |   5614 |    308 |   1051 |   3804 |   5 | 1184.4 |
       Dungeon |   5922 |   5614 |    308 |   1051 |   3804 |   5 | 1184.4 |
               +--------+--------+--------+--------+--------+-----+--------+

Top non-repeatable levels by time:
     D:2: 1776 daAuts
     D:4: 1605 daAuts
     D:3: 1261 daAuts
     D:1: 1242 daAuts
     D:5: 37 daAuts
